 Dungeon Crawl Stone Soup version 0.31-a0-263-ge8cad7f256 (webtiles) character file.

Game seed: 11333458302059839886

77 qw the Shooter (level 4, -1/36 HPs)
             Began as a Minotaur Hexslinger on July 13, 2023.
             Slain by a gnoll
             ... wielding a +0 halberd
              (14 damage)
             ... on level 3 of the Dungeon.
             The game lasted 00:00:32 (1797 turns).

qw the Shooter (Minotaur Hexslinger)                Turns: 1797, Time: 00:00:33

Health: -1/36      AC:  3    Str: 13    XL:     4   Next: 14%
Magic:  4/4        EV: 12    Int: 10    God:
Gold:   139        SH:  0    Dex: 14    Spells: 4/5 levels left

rFire   . . .        e - +0 triple crossbow
rCold   . . .        (shield currently unavailable)
rNeg    . . .        g - +0 leather armour
rPois   .            (helmet restricted)
rElec   .            (no cloak)
rCorr   .            (no gloves)
SInv    .            (no boots)
Will    .....        (no amulet)
Stlth   +            (no ring)
HPRegen 0.26/turn    (no ring)
MPRegen 0.09/turn

%: no passive effects
@: no status effects
A: horns 2, retaliatory headbutt
a: no special abilities


You were on level 3 of the Dungeon.
You visited 1 branch of the dungeon, and saw 3 of its levels.

You collected 139 gold pieces.


Innate Abilities, Weirdness & Mutations

You have a pair of horns on your head.
You reflexively headbutt those who attack you in melee.


   Skills:
 - Level 2.0 Fighting
 + Level 4.6 Ranged Weapons
 - Level 2.1 Dodging
 - Level 1.0 Spellcasting
 - Level 2.0 Hexes


You had 4 spell levels left.
You knew the following spells:

 Your Spells              Type           Power      Damage    Failure   Level
a - Slow                  Hex            16%        N/A       19%         1

Your spell library contained the following spells:

 Spells                   Type           Power      Damage    Failure   Level
 Inner Flame              Hex/Fire       2%         N/A       65%         3
 Portal Projectile        Hex/Tloc       4%         N/A       65%         3
 Cause Fear               Hex            2%         N/A       88%         4

Inventory:

Hand Weapons
 e - a +0 triple crossbow (weapon)
Armour
 c - a +0 ring mail
 g - a +0 leather armour (worn)
Scrolls
 b - 3 scrolls of identify
 i - a scroll of teleportation {unknown}
 j - a scroll of immolation {unknown}
 k - a scroll of noise {unknown}
Potions
 a - a potion of experience {unknown}
 d - a potion of haste
 f - a potion of mutation {unknown}
 h - a potion of curing {unknown}

Dungeon Overview and Level Annotations

Branches:
Dungeon (3/15)

Altars:

Shops:
D:3 (


Message History

Enter note: You shoot a bolt.
The bolt hits the rat!!
You kill the rat!
You have reached level 4!
You feel stronger.
You see here a rat corpse.
You see here the Elucidation of Toxic Skeletons.
Enter note:
Enter note:
Enter note:
Things that are here:
a +0 chain mail; a ball python skeleton
Found 4 stones.
Enter note:
Enter note:
Enter note: A gnoll comes into view. It is wielding a +0 halberd.
The gnoll shouts!
Enter note:
Enter note:
Enter note: You shoot a bolt.
The bolt hits the gnoll.
The gnoll is heavily wounded.
A gnoll comes into view. It is wielding a +0 whip.
A gnoll comes into view. It is wielding a +0 halberd.
1793 ||| Stepping ~*~*~tactically~*~*~ (outnumbered).
You shoot a bolt. The bolt barely misses the gnoll.
You hear a shout!
The gnoll hits you from afar with a +0 halberd!
You shoot a bolt. The bolt barely misses the gnoll.
You hear a shout!
The gnoll hits you from afar with a +0 halberd!
The gnoll hits you from afar with a +0 halberd.
You shoot a bolt. The bolt hits the gnoll!
You kill the gnoll!
The gnoll hits you with a +0 whip. The gnoll barely misses you.
You shoot a bolt. The bolt hits the gnoll.
The gnoll is heavily wounded.
The gnoll hits you from afar with a +0 halberd.
The gnoll hits you from afar with a +0 halberd!
You die...

#g ## .g ..#
#. #.#
##.##.#
.....#
#.#g.#
#.##.#..#
#(...g@.#
####.#..# .#
#.##.# #.#
#. #.# #.#
#. #.# #.#
.. #.# #.#
## #.# #.#
#.###.####
#.##.#...###


You could see 2 gnolls.

Vanquished Creatures
  An adder (D:2)
  A gnoll (D:3)
  A worm (D:2)
  2 dart slugs
  An orc (D:3)
  5 endoplasms
  2 giant cockroaches
  5 goblins
  6 hobgoblins
  4 jackals (D:2)
  A quokka (D:3)
  4 ball pythons
  8 bats
  2 frilled lizards
  A kobold (D:1)
  3 rats
47 creatures vanquished.

Notes
Turn   | Place    | Note
-------+----------+-------------------------------------------
     0 | D:1      | qw the Minotaur Hexslinger began the quest for the Orb.
     0 | D:1      | Reached XP level 1. HP: 16/16 MP: 1/1
     0 | D:1      | 0 ||| qw: Version: 0.3-a-52-g30416fa
     0 | D:1      | 0 ||| qw: Game counter: 7463
     0 | D:1      | 0 ||| qw: Melee chars always use a shield: true
     0 | D:1      | 0 ||| qw: God list: Okawaru
     0 | D:1      | 0 ||| qw: Allow faded altars: false
     0 | D:1      | 0 ||| qw: Do Orc after clearing Dungeon:15 true
     0 | D:1      | 0 ||| qw: Do second Lair branch before Depths: true
     0 | D:1      | 0 ||| qw: Lair rune preference: random
     0 | D:1      | 0 ||| qw: Goals: Normal
     0 | D:1      | 0 ||| PLANNING D:1-11
   171 | D:1      | Reached skill level 3 in Ranged Weapons
   181 | D:1      | Reached XP level 2. HP: 23/23 MP: 2/2
   542 | D:1      | 542 ||| READING scroll labelled JOS DOKLEOX FUE.
   543 | D:1      | 543 ||| DRINKING 2 murky amethyst potions.
   544 | D:1      | 544 ||| DROPPING scroll of poison.
   624 | D:2      | Reached XP level 3. HP: 26/29 MP: 3/3
   689 | D:2      | 689 ||| SWAPPING to +0 triple crossbow.
   690 | D:2      | 690 ||| DROPPING +1 sling.
  1138 | D:2      | Reached skill level 4 in Ranged Weapons
  1441 | D:2      | 1441 ||| UPGRADING to +0 leather armour.
  1451 | D:2      | 1451 ||| DROPPING +0 robe.
  1625 | D:3      | Found Usiffe's Antique Weapon Emporium.
  1710 | D:3      | Reached XP level 4. HP: 36/36 MP: 4/4
  1793 | D:3      | 1793 ||| Stepping ~*~*~tactically~*~*~ (outnumbered).
  1797 | D:3      | Slain by a gnoll

Levels and vault maps discovered:
D:1:      lightli_arrival_lavapool, layout_loops_ring
D:2:      layout_basic
D:3:      layout_loops_ring, nicolae_qazlal_eye_of_the_storm, serial_shops,
          shop, uniq_robin

Skill      XL: |  1  2  3 |
---------------+----------+-----
Ranged Weapons | 3 4 |  4.6
Fighting       | 2 |  2.0
Dodging        | |  2.1
Spellcasting   | |  1.0
Hexes          | |  2.0

Action                     |  1- 3 |  4- 6 || total
---------------------------+-------+-------++-------
   Fire: Sling             |    58 |       ||    58
         Triple crossbow   |    47 |     5 ||    52
    Use: Scroll            |     1 |       ||     1
         Potion            |     1 |       ||     1
 Armour: Robe              |     3 |       ||     3
         Leather armour    |     2 |       ||     2
  Dodge: Dodged            |    33 |     1 ||    34

Table legend:
 A = Non-vault XP
 B = Vault XP
 C = Vault XP percentage of total XP
 D = Non-vault monster count
 E = Vault monster count
 F = Vault count percentage of total count
                 A         B        C        D         E       F
            +---------+---------+-------+---------+---------+-------
      Total |     111 |       0 |   0.0 |      47 |       0 |   0.0
            +---------+---------+-------+---------+---------+-------
        D:1 |      23 |       0 |   0.0 |      14 |       0 |   0.0
        D:2 |      47 |       0 |   0.0 |      19 |       0 |   0.0
        D:3 |      41 |       0 |   0.0 |      14 |       0 |   0.0
            +---------+---------+-------+---------+---------+-------
